 Dungeon Crawl Stone Soup version 0.22-a0-136-g83a10e5 (webtiles) character file.

1229 Borgoz the Skirmisher (level 8, 0/71 HPs)
             Began as a Hill Orc Abyssal Knight on Feb 4, 2018.
             Was a Priest of Lugonu.
             Slain by a sky beast (4 damage)
             ... on level 6 of the Dungeon.
             The game lasted 00:09:52 (6139 turns).

Borgoz the Skirmisher (Hill Orc Abyssal Knight)     Turns: 6139, Time: 00:09:53

Health: 0/71       AC:  3    Str: 16    XL:     8   Next: 48%
Magic:  0/13       EV: 13    Int: 12    God:    Lugonu [***...]
Gold:   303        SH:  0    Dex: 11    Spells: 7/7 levels left

rFire    + . .     SeeInvis .   b - +1 flail (protect)
rCold    + . .     Gourm    .   (no shield)
rNeg     . . .     Faith    .   f - +0 leather armour
rPois    .         Spirit   +   (no helmet)
rElec    .         Reflect  .   y - scarf {rC+ rF+}
rCorr    .         Harm     .   (no gloves)
MR       .....                  (no boots)
Stlth    +.........             d - amulet of guardian spirit
HPRegen  0.21/turn              (no ring)
MPRegen  0.13/turn              (no ring)

@: no status effects
A: no striking features
a: Depart the Abyss, Bend Space, Banish, Renounce Religion


You were on level 6 of the Dungeon.
You worshipped Lugonu.
Lugonu was most pleased with you.
You were near starving.

You visited 1 branch of the dungeon, and saw 6 of its levels.
You visited the Abyss 1 time.

You collected 303 gold pieces.

Inventory:

Hand Weapons
 b - a +1 flail of protection (weapon)
 t - a +2 quarterstaff of chaos
Armour
 f - a +0 leather armour (worn)
 y - a scarf of resistance (worn)
Jewellery
 d - an amulet of guardian spirit (around neck)
 r - an uncursed amulet of harm {unknown}
 x - a +3 ring of dexterity {unknown}
Wands
 A - a wand of disintegration (5)
 B - a wand of polymorph (17)
 D - a wand of digging (14)
Scrolls
 g - 7 scrolls of teleportation
 h - a scroll of enchant armour {unknown}
 i - 3 scrolls of blinking {unknown}
 l - a scroll of fog {unknown}
 o - 5 scrolls of amnesia
 q - a scroll of immolation {unknown}
 u - a scroll of remove curse {unknown}
 z - a scroll of random uselessness {unknown}
 E - a scroll of identify
 F - 3 scrolls of fear {unknown}
Potions
 a - 2 potions of flight
 e - a potion of curing
 k - a potion of haste {unknown}
 m - a potion of berserk rage {unknown}
 n - a potion of invisibility {unknown}
 p - a potion of lignification {unknown}
 s - 2 potions of brilliance
 v - 2 potions of heal wounds
 w - a potion of ambrosia
 C - a potion of might
Books
 j - a book of Cantrips

   Spells                             Type                      Level
   a - Confusing Touch                Hexes                        1
   b - Animate Skeleton               Necromancy                   1
   c - Summon Small Mammal            Summoning                    1
   d - Apportation                    Translocation                1
Comestibles
 c - 10 rations


   Skills:
 + Level 6.8 Fighting
   Level 3.6 Axes
 + Level 5.6 Armour
 + Level 4.0 Dodging
 + Level 6.7 Invocations


You had 7 spell levels left.
You didn't know any spells.

Dungeon Overview and Level Annotations

Branches:
Dungeon (6/15)             Temple (0/1) D:5

Altars:
Elyvilon
Fedhas
Gozag
Yredelemnul


Message History

The sky beast is almost dead.
The sky beast hits you.
* * * LOW HITPOINT WARNING * * *
The sky beast shocks you.
* * * LOW HITPOINT WARNING * * *
You completely miss the sky beast.
The sky beast is almost dead.
The sky beast barely misses you.
You barely miss the sky beast.
The sky beast is almost dead.
The sky beast flickers out of sight!
Deactivating autopickup; reactivate with Ctrl-A.
Something hits you.
* * * LOW HITPOINT WARNING * * *
Something shocks you.
* * * LOW HITPOINT WARNING * * *
Something hits you.
* * * LOW HITPOINT WARNING * * *
Something shocks you.
You die...

#.. .../.. #..#
#####.......
#..##...........
#...............
#..............
#............
##...{.....# ##
##....@....#
.##...####..##
.....######..# #..
####...........#....
#....................
#....<...............
#....................
##...................
#...................


There were no monsters in sight!

Vanquished Creatures
  The ghost of barakagiga3 the Chopper, a novice MiBe of Trog (D:5)
  An ogre (D:5)
  A centaur (D:5)
  A bullfrog (D:6)
  A scorpion (D:5)
  A howler monkey (D:4)
  A jelly (D:5)
  A bullfrog zombie (D:5)
  Crazy Yiuf (D:2)
  3 orc priests
  4 orc wizards
  A bullfrog skeleton (D:4)
  Ijyb (D:3)
  A worker ant (D:5)
  A hound skeleton (D:3)
  A howler monkey zombie (D:4)
  3 gnolls (D:4)
  3 adders
  A shadow imp (D:6)
  2 oozes
  An adder zombie (D:5)
  An adder skeleton (D:3)
  2 worms
  2 dart slugs
  2 leopard geckos
  23 orcs
  A ball python (D:3)
  10 bats
  4 giant cockroaches
  12 goblins
  7 hobgoblins
  10 jackals
  A quokka (D:5)
  4 frilled lizards
  6 kobolds
  A quokka skeleton (D:4)
  8 rats
125 creatures vanquished.

Notes
Turn   | Place    | Note
-------+----------+-------------------------------------------
     0 | Abyss:1  | Borgoz the Hill Orc Abyssal Knight began the quest for the Orb.
     0 | Abyss:1  | Reached XP level 1. HP: 19/19 MP: 2/2
   103 | Abyss:2  | Noticed a phantasmal warrior
   104 | D:1      | Escaped the Abyss
   249 | D:1      | Reached * piety under Lugonu
   445 | D:1      | Reached skill level 1 in Dodging
   445 | D:1      | Reached XP level 2. HP: 27/27 MP: 3/3
   797 | D:1      | Reached XP level 3. HP: 32/33 MP: 3/5
  1256 | D:2      | Found a blossoming altar of Fedhas.
  1508 | D:2      | Found a runed door.
  2059 | D:2      | Noticed Crazy Yiuf
  2070 | D:2      | Killed Crazy Yiuf
  2070 | D:2      | Reached XP level 4. HP: 15/40 MP: 2/6
  2336 | D:3      | Found a white marble altar of Elyvilon.
  2619 | D:3      | Found a basalt altar of Yredelemnul.
  2638 | D:3      | Reached ** piety under Lugonu
  2964 | D:3      | Reached XP level 5. HP: 45/47 MP: 7/7
  2992 | D:3      | Found an opulent altar of Gozag.
  3177 | D:3      | Noticed Ijyb
  3196 | D:3      | Killed Ijyb
  3637 | D:3      | HP: 1/47 [orc priest/divine providence (9)]
  3640 | D:3      | Reached XP level 6. HP: 13/55 MP: 0/9
  4103 | D:4      | Reached skill level 5 in Fighting
  4184 | D:4      | Reached *** piety under Lugonu
  4779 | D:4      | Reached skill level 5 in Invocations
  4779 | D:4      | Reached XP level 7. HP: 55/61 MP: 10/10
  4911 | D:5      | Entered Level 5 of the Dungeon
  5706 | D:5      | Reached skill level 5 in Armour
  5706 | D:5      | Reached XP level 8. HP: 49/70 MP: 9/12
  5750 | D:5      | Noticed barakagiga3's ghost (novice MiBe)
  5763 | D:5      | Killed barakagiga3's ghost
  6024 | D:5      | Found a staircase to the Ecumenical Temple.
  6139 | D:6      | Slain by a sky beast

Vault maps used:
D:1:      erik_arrival_triangle_medium, minmay_misc_feat_alley
D:2:      minmay_misc_feat_cross, fedhas_altar_3, uniq_crazy_yiuf_cottage
D:3:      kennysheep_goblin_castle, elyvilon_altar_5, lemuel_crystal_altar,
          nicolae_gozag_seed_capital
D:4:      first_ration
D:5:      minmay_temple_entry_fiery
D:6:      lemuel_crystal_altar, grunt_ministairs_8, minmay_misc_feat_five,
          uniq_edmund

Skill      XL: |  1  2  3  4  5  6  7  8 |
---------------+-------------------------+-----
Dodging        | 1 2 3 4 |  4.0
Axes           | 3 |  3.6
Invocations    | 3 4 5 6 |  6.7
Fighting       | 4 5 6 |  6.8
Armour         | 3 4 5 |  5.6

Action                   |  1- 3 |  4- 6 |  7- 9 || total
-------------------------+-------+-------+-------++-------
Melee: Flail             |   100 |   271 |   149 ||   520
Invok: Depart the Abyss  |     1 |       |       ||     1
Evoke: Wand              |       |       |     1 ||     1
  Use: Potion            |       |     3 |     2 ||     5
       Scroll            |       |     6 |     2 ||     8
 Stab: Sleeping          |     1 |       |     1 ||     2
  Eat: Chunk             |     2 |    11 |     3 ||    16
Armor: Leather armour    |    46 |    89 |    77 ||   212
Dodge: Dodged            |    73 |   187 |    84 ||   344

Table legend:
 A = Spawn XP
 B = Non-spawn XP
 C = Spawn XP percentage of total XP
 D = Spawn monster count
 E = Non-spawn monster count
 F = Spawn count percentage of total count
 G = Total turns spent on level
                    A         B        C        D         E        F      G
               +---------+---------+-------+---------+---------+-------+---------
         Total |       0 |    1757 |   0.0 |       0 |     125 |   0.0 |  6139
               +---------+---------+-------+---------+---------+-------+---------
           D:1 |       0 |      36 |   0.0 |       0 |      19 |   0.0 |   974
           D:2 |       0 |      66 |   0.0 |       0 |      12 |   0.0 |  1399
           D:3 |       0 |     193 |   0.0 |       0 |      48 |   0.0 |  1554
           D:4 |       0 |     332 |   0.0 |       0 |      23 |   0.0 |   880
           D:5 |       0 |    1029 |   0.0 |       0 |      21 |   0.0 |  1188
           D:6 |       0 |     101 |   0.0 |       0 |       2 |   0.0 |    40
               +---------+---------+-------+---------+---------+-------+---------
